 Dungeon Crawl Stone Soup version 0.30-a0-778-g2ef04afb54 (webtiles) character file.

Game seed: 4045132193913556155

39 IndexError the Shooter (level 3, -2/22 HPs)
             Began as a Tengu Hunter on Feb 15, 2023.
             Slain by Crazy Yiuf
             ... wielding a +2 quarterstaff of chaos
              (11 damage)
             ... on level 2 of the Dungeon.
             The game lasted 00:01:01 (945 turns).

IndexError the Shooter (Tengu Hunter)                Turns: 945, Time: 00:01:02

Health: -2/22      AC:  3    Str: 11    XL:     3   Next: 47%
Magic:  0/4        EV: 12    Int:  9    God:
Gold:   31         SH:  0    Dex: 19    Spells: 2/2 levels left

rFire   . . .      SeeInvis .    a - +0 shortbow
rCold   . . .      Faith    .    (shield currently unavailable)
rNeg    . . .      Spirit   .    c - +0 leather armour
rPois   .          Reflect  .    (helmet restricted)
rElec   .          Harm     .    (no cloak)
rCorr   .          Rampage  .    (no gloves)
Will    .....                    (boots unavailable)
Stlth   ++                       (no amulet)
HPRegen 0.23/turn                (no ring)
MPRegen 0.09/turn                (no ring)

@: no status effects
A: beak, talons 3
a: no special abilities


You were on level 2 of the Dungeon.
You visited 1 branch of the dungeon, and saw 2 of its levels.

You collected 31 gold pieces.

Inventory:

Hand Weapons
 a - a +0 shortbow (weapon)
Armour
 c - a +0 leather armour (worn)
 f - a +0 leather armour
   (You found it on level 1 of the Dungeon)
Scrolls
 b - a scroll of immolation {!r}
 d - a scroll of teleportation {unknown}
 e - a scroll of identify {unknown}


   Skills:
 + Level 2.6 Fighting
 * Level 5.3 Ranged Weapons
 - Level 2.1 Dodging
 - Level 1.0 Stealth


You had 2 spell levels left.
You didn't know any spells.
Your spell library was empty.

Dungeon Overview and Level Annotations

Branches:
Dungeon (2/15)

Altars:

Annotations:
D:2 Crazy Yiuf


Innate Abilities, Weirdness & Mutations

You have a beak for a mouth.
You have claws for feet.


Message History

There is an open door here.
There is an open door here.
Done exploring.
Done exploring.
Done exploring.
There is an open door here.
There is a stone staircase leading down here.
You climb downwards.
There is a stone staircase leading up here.
You climb upwards.
There is a stone staircase leading down here.
There is an open door here.
There is a stone staircase leading down here.
You climb downwards.
There is a stone staircase leading up here.
You shoot an arrow. The arrow hits the ball python!
You hear a bark!
A jackal comes into view.
The jackal closely misses you.
You shoot an arrow. The arrow hits the jackal.
The jackal barely misses you.
A jackal comes into view.
You shoot an arrow. The arrow barely misses the jackal.
The jackal bites you.
The jackal bites you but does no damage.
You take 1 damage, and have 21/22 hp.
You shoot an arrow. The arrow hits the jackal.
The jackal bites you but does no damage. x2
You shoot an arrow. The arrow misses the jackal.
The jackal closely misses you. The jackal completely misses you.
Health restored: 22 You shoot an arrow.
The arrow hits the jackal.
No target in view!
No target in view!
You climb upwards.
There is a stone staircase leading down here.
Press: ? - help, v - describe, . - travel A stone staircase leading down.
There is an open door here.
There is an open door here.
There is a stone staircase leading down here.
You climb downwards.
There is a stone staircase leading up here.
You now have 31 gold pieces (gained 19).
You see here 5 stones.
A rat comes into view.
You shoot an arrow.
The arrow hits the rat but does no damage.
The rat twitches its whiskers.
You shoot an arrow. The arrow barely misses the rat.
The rat closely misses you. The rat bites you.
You take 2 damage, and have 20/22 hp.
You shoot an arrow. The arrow hits the rat!
No target in view!
No target in view!
Saving game... please wait.
Bad channel name for runrest: 'Jiyva says: Divide and consume' Welcome back, IndexError the Tengu Hunter.
Press ? for a list of commands and other information.
HP restored.
You see here a rat corpse.
An endoplasm comes into view.
Health restored: 22 You shoot an arrow.
The arrow hits the endoplasm.
No target in view!
No target in view!
Marking area around Crazy Yiuf as unsafe for travelling.
You're in a travel-excluded area, stopping explore.
Spoiler Alert: Crazy Yiuf (asleep) can hit for high damage in melee!
You're in a travel-excluded area, stopping explore.
Spoiler Alert: Crazy Yiuf (asleep) can hit for high damage in melee!
You're in a travel-excluded area, stopping explore.
Spoiler Alert: Crazy Yiuf (asleep) can hit for high damage in melee!
Spoiler Alert: Crazy Yiuf (asleep) can hit for high damage in melee!
Spoiler Alert: Crazy Yiuf (asleep) can hit for high damage in melee!
You open the door.
Crazy Yiuf drinks a potion.
Crazy Yiuf suddenly seems more resistant.
Spoiler Alert: Crazy Yiuf (resistant) can hit for high damage in melee!
You shoot an arrow.
The arrow hits Crazy Yiuf but does no damage.
Spoiler Alert: Crazy Yiuf (resistant) can hit for high damage in melee!
You shoot an arrow. The arrow hits Crazy Yiuf!
Spoiler Alert: Crazy Yiuf (resistant) can hit for high damage in melee!
You shoot an arrow. The arrow closely misses Crazy Yiuf.
Crazy Yiuf hits you with a +2 quarterstaff of chaos!
Ouch! That really hurt!
You feel your power leaking away.
Spoiler Alert: Crazy Yiuf (resistant) can hit for high damage in melee!
You take 14 damage, and have 8/22 hp.
MASSIVE DAMAGE!!
You now have 0/4 mp.
You are too injured to fight recklessly!
Spoiler Alert: Crazy Yiuf (resistant) can hit for high damage in melee!
You are too injured to fight recklessly!
Spoiler Alert: Crazy Yiuf (resistant) can hit for high damage in melee!
You are too injured to fight recklessly!
Spoiler Alert: Crazy Yiuf (resistant) can hit for high damage in melee!
Spoiler Alert: Crazy Yiuf (resistant) can hit for high damage in melee!
Crazy Yiuf closely misses you.
Spoiler Alert: Crazy Yiuf (resistant) can hit for high damage in melee!
Spoiler Alert: Crazy Yiuf (resistant) can hit for high damage in melee!
Crazy Yiuf hits you with a +2 quarterstaff of chaos!
Ouch! That really hurt!
You die...

#......<.......#......<†
..###########..#.##.###.
. ##### . #)..# # #...#
... #g# ♣@♣♣ ♣♣.♣ ♣.♣♣
♣♣.♣ ♣♣.♣♣ ♣♣...♣ ♣....♣
#. #....#
##.#########..##


You could see Crazy Yiuf (resistant).

Vanquished Creatures
  2 dart slugs (D:1)
  3 ball pythons
  2 bats (D:1)
  6 endoplasms
  A goblin (D:1)
  6 hobgoblins (D:1)
  2 jackals (D:2)
  A quokka (D:1)
  A frilled lizard (D:1)
  A kobold (D:1)
  7 rats
32 creatures vanquished.

Notes
Turn   | Place    | Note
-------+----------+-------------------------------------------
     0 | D:1      | IndexError the Tengu Hunter began the quest for the Orb.
     0 | D:1      | Reached XP level 1. HP: 12/12 MP: 2/2
    98 | D:1      | Reached XP level 2. HP: 17/17 MP: 3/3
   210 | D:1      | Reached skill level 5 in Ranged Weapons
   264 | D:1      | Reached XP level 3. HP: 22/22 MP: 4/4
   936 | D:2      | Found a runed translucent door.
   937 | D:2      | Noticed Crazy Yiuf
   945 | D:2      | Slain by Crazy Yiuf

Illustrated notes

Levels and vault maps discovered:
D:1:      minmay_arrival_plants_in_alcoves, layout_basic
D:2:      layout_basic, basic_ecumenical_altar, serial_shops, shop,
          serial_park_tiny_2, ebering_dispersal_statue_hall,
          uniq_crazy_yiuf_cottage, uniq_sigmund

Skill      XL: |  1  2 |
---------------+-------+-----
Ranged Weapons | 5 |  5.3
Fighting       | |  2.6
Dodging        | |  2.1
Stealth        | |  1.0

Action                     || total
---------------------------++-------
   Fire: Shortbow          ||    59
 Armour: Leather armour    ||     9
  Dodge: Dodged            ||    13

Table legend: (Time is in decaauts)
 A = Elapsed time spent in this place.
 B = Non-inter-level travel time spent in this place.
 C = Inter-level travel time spent in this place.
 D = Time resting spent in this place.
 E = Time spent auto-exploring this place.
 F = Levels seen in this place.
 G = Mean time per level.
                   A        B        C        D        E       F      G
               +--------+--------+--------+--------+--------+-----+--------+
         Total |    963 |    869 |     94 |      0 |    755 |   2 |  481.5 |
       Dungeon |    963 |    869 |     94 |      0 |    755 |   2 |  481.5 |
               +--------+--------+--------+--------+--------+-----+--------+

Top non-repeatable levels by time:
     D:1: 759 daAuts
     D:2: 203 daAuts

Table legend:
 A = Kills in this place as a percentage of kills in entire the game.
 B = Kills by you in this place as a percentage of kills by you in the entire game.
 C = Kills by friends in this place as a percentage of kills by friends in the entire game.
 D = Other kills in this place as a percentage of other kills in the entire game.
 E = Experience gained in this place as a percentage of experience gained in the entire game.
 F = Experience gained in this place divided by the number of levels of this place that you have seen.
                   A       B       C       D       E      F
               +-------+-------+-------+-------+-------+----------------------
         Total | 100.0 | 100.0 |   N/A |   N/A | 100.0 |  28.5
       Dungeon | 100.0 | 100.0 |   N/A |   N/A | 100.0 |  28.5
               +-------+-------+-------+-------+-------+----------------------
